Map: [ESL] NeoHumanity

Players

Creator

  • Race: Protoss Protoss

Reynor - Winner!

  • Race: Zerg Zerg

Event: IEM Katowice 2023

VOD

Have the link to the VOD?

Description

Time

  • Played on: Feb. 11, 2023, 6:10 a.m.
  • Length: 7:51

All games in this series

Show
View Real Time Build Order
Export as new Build Order

Creator Protoss 

Build Orders: 1 Gate Expand, Oracle Opening, Phoenix Opening 

Get SALT Encoding   

  12  0:00  Probe  
  13  0:13  Pylon  
  13  0:17  Probe (Chrono Boost)  
  14  0:27  Probe (Chrono Boost)  
  15  0:32  Probe (Chrono Boost)  
  16  0:39  Gateway  
  16  0:44  Probe  
  16  0:49  Assimilator  
  17  0:56  Probe  
  18  1:08  Probe  
  19  1:20  Probe  
  19  1:25  Nexus  
  20  1:36  Cybernetics Core  
  20  1:38  Probe  
  21  1:45  Assimilator  
  21  1:51  Probe  
  22  1:56  Pylon  
  22  2:03  Probe  
  23  2:11  Adept (Chrono Boost)  
  23  2:15  Probe  
  26  2:19  Stargate  
  26  2:27  Probe (Chrono Boost)  
  26  2:28  Warp Gate  
  27  2:31  Adept (Chrono Boost)  
  29  2:38  Probe (Chrono Boost)  
  31  2:45  Probe (Chrono Boost)  
  31  2:47  Probe (Chrono Boost)  
  32  2:52  Probe x2 (Chrono Boost)  
  32  2:54  Adept  
  36  3:02  Oracle (Chrono Boost)  
  36  3:03  Probe  
  36  3:05  Probe  
  41  3:14  Pylon  
  41  3:15  Probe  
  41  3:18  Probe  
  43  3:22  Gateway  
  43  3:27  Probe  
  43  3:33  Probe, Phoenix (Chrono Boost)  
  47  3:36  Adept  
  47  3:39  Probe  
  46  3:44  Pylon  
  46  3:45  Probe  
  47  3:53  Probe  
  47  3:55  Oracle (Chrono Boost)  
  51  4:05  Nexus  
  51  4:09  Probe x2  
  52  4:19  Adept x2  
  52  4:21  Probe x2  
  58  4:27  Pylon  
  58  4:28  Assimilator  
  58  4:31  Nexus  
  58  4:32  Oracle  
  58  4:36  Probe  
  62  4:40  Pylon  
  62  4:45  Probe  
  63  4:48  Probe  
  64  4:56  Adept x2  
  64  4:57  Probe  
  65  5:00  Assimilator  
  65  5:01  Probe  
  65  5:06  Shield Battery, Forge  
  66  5:09  Probe  
  66  5:13  Probe (Chrono Boost)  
  68  5:14  Robotics Facility  
  68  5:23  Twilight Council  
  68  5:25  Probe (Chrono Boost)  
  68  5:27  Probe (Chrono Boost)  
  70  5:33  Probe (Chrono Boost)  
  72  5:35  Probe (Chrono Boost)  
  72  5:36  Gateway, Sentry  
  72  5:38  Adept  
  72  5:39  Probe  
  77  5:44  Probe  
  77  5:46  Probe  
  75  5:51  Probe  
  75  5:57  Probe  
  77  5:58  Probe  
  77  6:02  Immortal (Chrono Boost)  
  77  6:03  Probe  
  77  6:06  Shield Battery, Adept  
  77  6:07  Adept  
  77  6:09  Probe  
  77  6:10  Probe  
  77  6:11  Charge  
  86  6:13  Gateway  
  86  6:15  Probe  
  87  6:22  Shield Battery  
  87  6:23  Photon Cannon  
  87  6:26  Shield Battery, Oracle (Chrono Boost)  
  87  6:30  Pylon  
  87  6:31  Shield Battery  
  90  6:33  Photon Cannon  
  90  6:37  Adept  
  90  6:48  Immortal (Chrono Boost)  
  90  6:50  Stalker x2  
  90  6:53  Photon Cannon  
  85  7:05  Shield Battery, Photon Cannon  
  85  7:08  Stalker x2  
  74  7:20  Zealot, Stalker  
  77  7:24  Pylon  
  81  7:31  Zealot  
  78  7:40  Zealot  
  51  7:45  Zealot x2  
Show
View Real Time Build Order
Export as new Build Order

Reynor Zerg - Winner!

Build Orders: Hatch First 

Get SALT Encoding   

  12  0:00  Drone  
  13  0:12  Overlord  
  13  0:16  Drone  
  14  0:30  Drone x2  
  16  0:38  Drone  
  17  0:51  Hatchery  
  17  0:54  Drone  
  17  0:57  Drone  
  18  1:08  Extractor  
  17  1:12  Spawning Pool  
  17  1:15  Drone  
  17  1:18  Drone  
  18  1:27  Drone  
  19  1:38  Drone  
  20  1:48  Overlord  
  20  2:00  Queen  
  22  2:03  Drone x2, Queen  
  26  2:10  Zergling x2  
  26  2:14  Zergling x2  
  28  2:22  Metabolic Boost  
  28  2:23  Drone  
  28  2:24  Drone  
  30  2:36  Drone  
  31  2:39  Hatchery  
  31  2:44  Zergling x2  
  31  2:47  Drone  
  31  2:49  Overlord  
  32  2:57  Queen  
  34  2:58  Drone x2  
  36  3:08  Zergling x2  
  36  3:09  Overlord  
  36  3:10  Drone x2  
  36  3:11  Drone  
  40  3:16  Queen  
  42  3:22  Drone  
  42  3:25  Drone  
  42  3:29  Drone  
  42  3:30  Drone  
  43  3:39  Drone x2  
  44  3:48  Unknown  
  44  3:51  Queen  
  44  3:52  Drone x3  
  44  3:55  Overlord  
  48  3:56  Drone  
  48  3:58  Drone  
  48  4:00  Spore Crawler  
  49  4:05  Drone  
  49  4:08  Drone  
  49  4:10  Drone  
  49  4:12  Overlord  
  50  4:17  Zergling x4  
  50  4:19  Drone  
  50  4:22  Drone, Spore Crawler  
  53  4:24  Zergling x2  
  53  4:25  Drone  
  53  4:30  Drone  
  53  4:31  Drone x2  
  58  4:33  Drone  
  58  4:35  Drone  
  58  4:38  Overlord  
  60  4:40  Drone  
  61  4:48  Spore Crawler  
  61  4:51  Drone x4  
  61  4:52  Drone x2  
  63  4:53  Drone  
  63  4:55  Drone  
  64  5:01  Drone x3  
  64  5:05  Roach Warren  
  66  5:07  Drone  
  66  5:10  Lair  
  66  5:13  Drone x2  
  68  5:18  Queen  
  68  5:20  Overlord  
  70  5:22  Overlord  
  70  5:29  Drone x3  
  70  5:30  Overlord  
  70  5:31  Extractor  
  70  5:35  Queen  
  73  5:45  Overlord  
  72  5:51  Roach x9  
  72  5:54  Pneumatized Carapace  
  86  5:57  Drone x2  
  86  5:58  Roach  
  86  6:01  Roach  
  85  6:06  Roach x2  
  85  6:07  Roach  
  91  6:12  Roach, Zergling x2  
  91  6:17  Roach x2  
  98  6:20  Overlord  
  98  6:27  Ravager x2  
  98  6:28  Zergling x8  
  98  6:29  Ravager  
  98  6:31  Overlord  
  105  6:35  Zergling x2  
  105  6:39  Ravager  
  107  6:40  Zergling x8  
  107  6:42  Roach, Zergling x2  
  107  6:44  Zergling x2  
  107  6:46  Zergling x2  
  113  6:57  Zergling x16  
  118  7:05  Zergling x2  
  116  7:09  Ravager x2  
  116  7:12  Zergling x8  
  116  7:13  Zergling x4  
  121  7:24  Overlord  
  121  7:25  Overlord  
  121  7:28  Zergling x6  
  118  7:30  Zergling x4  
  115  7:43  Ravager x2  
  115  7:44  Ravager  

Tags
 
Add a new tag
Caveats
  • Supply blocks, unpowered buildings, or Contaminate may cause inaccurate times.
  • Supply counts are checked every 10 seconds.